 Dungeon Crawl Stone Soup version 0.21-a0-506-ga0ee87aef2 (webtiles) character file.

8 Kaname the Magician (level 2, 15/19 HPs)
             Began as a Demonspawn Wizard on Nov 27, 2017.
             Quit the game on level 1 of the Dungeon.
             The game lasted 00:00:38 (63 turns).

Kaname the Magician (Demonspawn Wizard)               Turns: 63, Time: 00:00:39

Health: 15/19      AC:  2    Str:  7    XL:     2   Next: 0%
Magic:  0/6        EV: 14    Int: 19    God:
Gold:   0          SH:  0    Dex: 11    Spells: 6/7 levels left

rFire    . . .     SeeInvis .   e - +1 dagger (drain)
rCold    . . .     Gourm    .   (no shield)
rNeg     . . .     Faith    .   a - +0 robe
rPois    .         Spirit   .   b - +0 hat
rElec    .         Reflect  .   (no cloak)
rCorr    .         Harm     .   (no gloves)
MR       .....                  (no boots)
Stlth    ++........             (no amulet)
HPRegen  0.06/turn              (no ring)
MPRegen  0.10/turn              (no ring)

@: no status effects
A: repulsion field 1
a: no special abilities


You were on level 1 of the Dungeon.
You were not hungry.

You visited 1 branch of the dungeon, and saw 1 of its levels.

Inventory:

Hand Weapons
 e - a +1 dagger of draining (weapon)
Armour
 a - a +0 robe (worn)
 b - a +0 hat (worn)
Scrolls
 g - a scroll of random uselessness {unknown}
Potions
 f - a potion of degeneration {unknown}
Books
 c - a book of Minor Magic

   Spells                             Type                      Level
   a - Magic Dart                     Conjuration                  1
   b - Blink                          Translocation                2
   c - Call Imp                       Summoning                    2
   d - Slow                           Hexes                        2
   e - Conjure Flame                  Conjuration/Fire             3
   f - Mephitic Cloud                 Conjuration/Poison/Air       3
Comestibles
 d - a bread ration


   Skills:
 - Level 1.7 Dodging
 - Level 1.7 Stealth
 - Level 3.0 Spellcasting
 + Level 2.1 Conjurations
   Level 1.0 Summonings
   Level 0.8 Translocations


You had 6 spell levels left.
You knew the following spells:

 Your Spells              Type           Power        Failure   Level  Hunger
a - Magic Dart            Conj           ##..         6%          1    None


Dungeon Overview and Level Annotations

Branches:
Dungeon (1/15)

Altars:


Innate Abilities, Weirdness & Mutations

You are surrounded by a mild repulsion field. (EV +2)


Message History

A kobold is nearby!
Casting: Magic Dart
Confirm with . or Enter, or press ? or * to list all spells.
Aiming: Magic Dart
Press: ? - help, Shift-Dir - straight line, f - kobold
Aim: a kobold, wielding a whip (resting)
The magic dart hits the kobold.
The kobold is severely wounded.
The kobold shouts!
You hear an angry hiss.
Casting: Magic Dart
Confirm with . or Enter, or press ? or * to list all spells.
Aiming: Magic Dart
Press: ? - help, Shift-Dir - straight line, f/p - kobold
Aim: a kobold, wielding a whip (severely wounded)
The magic dart hits the kobold.
You kill the kobold!
You have reached level 2!
Your demonic ancestry asserts itself...
You begin to radiate repulsive energy.
Are you sure you want to abandon this character and quit the game? (Confirm with "yes".)

###... .. ##.... .. . ).
####..#####.##. .#
#.)............ ..
###............ #.
####.#########..
#.##...............
♣###$#..##............
#....@.........<......
♣...................).
........................
♣#♣.........†#########..
#....................#
#.............#####...
#.!.......##.)# ..
#.........##...# ..
####.###.####...


There were no monsters in sight!

Vanquished Creatures
  A frilled lizard (D:1)
  2 goblins (D:1)
  4 kobolds (D:1)
  2 rats (D:1)
9 creatures vanquished.

Notes
Turn   | Place    | Note
-------+----------+-------------------------------------------
     0 | D:1      | Kaname the Demonspawn Wizard began the quest for the Orb.
     0 | D:1      | Reached XP level 1. HP: 13/13 MP: 4/4
    62 | D:1      | Gained mutation: You are surrounded by a mild repulsion field. (EV +2) [demonic ancestry]
    62 | D:1      | Reached XP level 2. HP: 15/19 MP: 0/6
    63 | D:1      | Quit the game

Vault maps used:
D:1:      minmay_arrival_semitransparent, serial_forest,
          infiniplex_forest_clump_tiny, infiniplex_forest_clump_cross,
          infiniplex_forest_lined_2, infiniplex_forest_lined_ring,
          infiniplex_forest_straight_2, infiniplex_forest_lined_room_3,
          infiniplex_forest_end_1

Skill      XL: |  1 |
---------------+----+-----
Conjurations   | 2 |  2.1
Dodging        | |  1.7
Stealth        | |  1.7
Spellcasting   | |  3.0
Summonings     | |  1.0
Translocations | |  0.8

Action                   || total
-------------------------++-------
Melee: Dagger            ||    11
 Cast: Magic Dart        ||     8
 Stab: Distracted        ||     1
Dodge: Dodged            ||     3

Table legend:
 A = Spawn XP
 B = Non-spawn XP
 C = Spawn XP percentage of total XP
 D = Spawn monster count
 E = Non-spawn monster count
 F = Spawn count percentage of total count
 G = Total turns spent on level
                    A         B        C        D         E        F      G
               +---------+---------+-------+---------+---------+-------+---------
         Total |       0 |      12 |   0.0 |       0 |       9 |   0.0 |    63
               +---------+---------+-------+---------+---------+-------+---------
           D:1 |       0 |      12 |   0.0 |       0 |       9 |   0.0 |    63
               +---------+---------+-------+---------+---------+-------+---------
